[Event "NOR-chT Eliteserien 2018-19"]
[Site "Norway"]
[Date "2019.03.09"]
[Round "8.12"]
[White "Frisvold, Ole Emil"]
[Black "Mikalsen, Harald"]
[Result "1-0"]
[ECO "E17"]
[WhiteElo "2131"]
[BlackElo "2006"]
[Annotator "NA"]
[PlyCount "63"]
[EventDate "2018.11.02"]
[EventType "team-tourn"]
[EventCountry "NOR"]
[SourceTitle "playchess.com"]
[Source "ChessBase"]
[SourceQuality "1"]
[TimeControl "40/5400+30:1800+30"]

1. d4 Nf6 2. c4 e6 3. Nf3 b6 4. g3 Bb7 5. Bg2 Be7 6. O-O O-O 7. d5 exd5 8. Nh4 c6 9. cxd5 Nxd5 10. Nf5 Nc7 11. e4 d5 12. Nc3 Bf6 13. exd5 cxd5 14. Bf4 Bxc3 15. bxc3 Nba6 16. c4 Bc8 17. Ne3 d4 18. Bxa8 Nxa8 19. Nd5 N8c7 20. Bxc7 Nxc7 21. Qxd4 Qd6 22. Qf4 Nb5 23. Rfd1 Qxf4 24. gxf4 Na3 25. Ne7+ Kh8 26. Nxc8 Rxc8 27. Rac1 h6 28. Rd7 a5 29. c5 bxc5 30. Rb7 c4 31. Rc3 Kh7 32. Rb2 1-0

[Event "NOR-chT Eliteserien 2018-19"]
[Site "Norway"]
[Date "2019.03.09"]
[Round "8.14"]
[White "Romanov, Evgeny"]
[Black "Hansen, Torbjorn Ringdal"]
[Result "0-1"]
[ECO "E11"]
[WhiteElo "2612"]
[BlackElo "2419"]
[Annotator "ChessBase"]
[PlyCount "98"]
[EventDate "2018.11.02"]
[EventType "team-tourn"]
[EventCountry "NOR"]
[SourceTitle "playchess.com"]
[Source "ChessBase"]
[SourceQuality "1"]
[TimeControl "40/5400+30:1800+30"]

1. d4 Nf6 2. c4 e6 3. Nf3 Bb4+ 4. Bd2 c5 5. Bxb4 cxb4 6. e3 b6 7. Bd3 Bb7 8. Nbd2 O-O 9. Qc2 d5 10. cxd5 exd5 11. Ne5 a5 12. O-O Nbd7 13. Nxd7 Qxd7 14. Bf5 Qd6 15. Rfc1 g6 16. Bh3 Ne8 17. a3 f5 18. g3 bxa3 19. bxa3 Rc8 20. Qb3 Nf6 21. Rxc8 Bxc8 22. Rb1 f4 23. Bxc8 fxe3 24. fxe3 Rxc8 25. e4 a4 26. Qa2 Qe6 27. e5 Ng4 28. Nf3 Ne3 29. Qe2 Rc3 30. Qd2 Qh3 31. e6 Rb3 32. Re1 Qxe6 33. h3 Qe4 34. Qf2 Rb1 35. Rxb1 Qxb1+ 36. Kh2 Qc2 37. Kg1 Qxf2+ 38. Kxf2 Nc2 39. Ke2 Nxa3 40. Kd3 Nc4 41. Kc3 h6 42. Ne1 Kf7 43. Nd3 g5 44. g4 Ke6 45. Nc1 Na5 46. Ne2 Nc6 47. Ng3 b5 48. Nf5 b4+ 49. Kb2 Na5 0-1

[Event "NOR-chT Eliteserien 2018-19"]
[Site "Norway"]
[Date "2019.03.09"]
[Round "8.17"]
[White "Vitenberg, Noam Aviv"]
[Black "Holm, Kristian Stuvik"]
[Result "0-1"]
[ECO "A34"]
[WhiteElo "2139"]
[BlackElo "2468"]
[Annotator "ChessBase"]
[PlyCount "132"]
[EventDate "2018.11.02"]
[EventType "team-tourn"]
[EventCountry "NOR"]
[SourceTitle "playchess.com"]
[Source "ChessBase"]
[SourceQuality "1"]
[TimeControl "40/5400+30:1800+30"]

1. c4 g6 2. Nf3 Bg7 3. Nc3 c5 4. g3 Nc6 5. e3 Nf6 6. d4 cxd4 7. Nxd4 Ne5 8. f4 Nc6 9. Bg2 O-O 10. O-O Qa5 11. a3 d6 12. b4 Qb6 13. Bb2 Bg4 14. Qd2 Rfc8 15. Nxc6 bxc6 16. c5 dxc5 17. Na4 Qb5 18. Nxc5 a5 19. h3 Rd8 20. Qc2 Bf5 21. e4 Bc8 22. Rfb1 axb4 23. axb4 Rxa1 24. Bxa1 h5 25. Kh2 Bh6 26. Qf2 Ne8 27. f5 Rd2 28. Qf3 Qe2 29. Qxe2 Rxe2 30. fxg6 fxg6 31. b5 cxb5 32. Rxb5 Bg7 33. Rb8 Bxa1 34. Rxc8 Kf7 35. Nb3 Be5 36. Nc1 Re3 37. Rc2 Bxg3+ 38. Kg1 Re1+ 39. Bf1 Rxe4 40. Kg2 Bd6 41. Bc4+ Kg7 42. Bd3 Rd4 43. Re2 Nf6 44. Kg1 Ba3 45. Bc2 Bxc1 46. Rxe7+ Kh6 47. Re6 Bg5 48. Rc6 Rd2 49. Kh1 Kg7 50. Rc7+ Kh6 51. Rc6 Rf2 52. Kg1 Rf4 53. Kg2 Bh4 54. Bd3 Rf2+ 55. Kg1 Rf3 56. Bf1 Ng8 57. Rc4 Bf6 58. Kg2 Rc3 59. Ra4 Ne7 60. Ra6 Nd5 61. Bb5 Nf4+ 62. Kf1 Bh4 63. Ra1 Rxh3 64. Kg1 Bf6 65. Rd1 h4 66. Bd7 Rd3 0-1

[Event "NOR-chT Eliteserien 2018-19"]
[Site "Norway"]
[Date "2019.03.09"]
[Round "8.18"]
[White "Kaasen, Tor Fredrik"]
[Black "Lindbol, Aleksander"]
[Result "1-0"]
[ECO "A81"]
[WhiteElo "2409"]
[BlackElo "2204"]
[Annotator "NA"]
[PlyCount "80"]
[EventDate "2018.11.02"]
[EventType "team-tourn"]
[EventCountry "NOR"]
[SourceTitle "playchess.com"]
[Source "ChessBase"]
[SourceQuality "1"]
[TimeControl "40/5400+30:1800+30"]

1. d4 f5 2. g3 e6 3. Bg2 Nf6 4. Nf3 d5 5. O-O Bd6 6. b3 Qe7 7. a4 a5 8. Ba3 O-O 9. c4 c6 10. Qc1 b6 11. Bxd6 Qxd6 12. Qa3 Qxa3 13. Nxa3 Bb7 14. Rfc1 Nbd7 15. Nc2 Ne4 16. Nce1 Rac8 17. Nd3 c5 18. e3 g5 19. Rc2 cxd4 20. exd4 Rfd8 21. Rac1 dxc4 22. bxc4 Ba6 23. h4 h6 24. hxg5 hxg5 25. Nb2 g4 26. Nh4 Ndf6 27. d5 exd5 28. Nxf5 Kf8 29. Ne3 dxc4 30. Nbxc4 Bxc4 31. Rxc4 Rxc4 32. Rxc4 Nc5 33. Bf1 Rd2 34. Rf4 Ke7 35. Nc4 Ra2 36. Nxb6 Ne6 37. Nc8+ Kf7 38. Bc4 Rd2 39. Rf5 Rc2 40. Rxa5 Ne8 1-0

[Event "NOR-chT Eliteserien 2018-19"]
[Site "Norway"]
[Date "2019.03.09"]
[Round "8.20"]
[White "Risting, Eivind Olav"]
[Black "Djurhuus, Rune"]
[Result "1-0"]
[ECO "E91"]
[WhiteElo "2281"]
[BlackElo "2457"]
[Annotator "ChessBase"]
[PlyCount "119"]
[EventDate "2018.11.02"]
[EventType "team-tourn"]
[EventCountry "NOR"]
[SourceTitle "playchess.com"]
[Source "ChessBase"]
[SourceQuality "1"]
[TimeControl "40/5400+30:1800+30"]

1. d4 Nf6 2. c4 Nc6 3. Nf3 d6 4. Nc3 g6 5. d5 Nb8 6. e4 Bg7 7. Be2 O-O 8. O-O c6 9. Be3 Bg4 10. Re1 Nbd7 11. Rc1 a6 12. b4 Rc8 13. Qb3 cxd5 14. exd5 Rc7 15. a4 b6 16. h3 Bxf3 17. Bxf3 Qb8 18. Be2 Qb7 19. Bf1 Rfc8 20. Bd4 Kf8 21. f4 Nh5 22. Be3 Ng3 23. Bd3 Nf5 24. Bf2 Nd4 25. Qd1 b5 26. Bf1 Rxc4 27. Bxc4 Rxc4 28. axb5 axb5 29. Ne2 Nxe2+ 30. Qxe2 Nb6 31. Rxc4 Nxc4 32. Kh1 Bf6 33. Qe4 h5 34. g4 hxg4 35. hxg4 Qd7 36. Qf3 g5 37. Kg2 gxf4 38. Qxf4 Ne5 39. Qf5 Qxf5 40. gxf5 Nd3 41. Re4 Be5 42. Bg3 Kg7 43. Kf3 Kf6 44. Kg4 Bxg3 45. Kxg3 Ne5 46. Kf4 Nd3+ 47. Ke3 Ne5 48. Rh4 Kxf5 49. Rh8 Nd7 50. Kd4 e5+ 51. dxe6 fxe6 52. Rd8 e5+ 53. Kd5 Nf6+ 54. Kxd6 e4 55. Rf8 Kg5 56. Ke6 Ng4 57. Rf5+ Kh4 58. Rf4 Kg3 59. Rxe4 Kf3 60. Rxg4 1-0

[Event "NOR-chT Eliteserien 2018-19"]
[Site "Norway"]
[Date "2019.03.09"]
[Round "8.21"]
[White "Haug, Johannes"]
[Black "Dahl, Trygve"]
[Result "1-0"]
[ECO "B27"]
[WhiteElo "2402"]
[BlackElo "2342"]
[Annotator "NA"]
[PlyCount "77"]
[EventDate "2018.11.02"]
[EventType "team-tourn"]
[EventCountry "NOR"]
[SourceTitle "playchess.com"]
[Source "ChessBase"]
[SourceQuality "1"]
[TimeControl "40/5400+30:1800+30"]

1. e4 c5 2. Nf3 g6 3. d4 cxd4 4. Qxd4 Nf6 5. Nc3 Nc6 6. Qa4 d6 7. e5 dxe5 8. Nxe5 Qd4 9. Nxc6 Qxa4 10. Nxa4 bxc6 11. Be3 Bg7 12. O-O-O O-O 13. Bc4 Nd5 14. Rxd5 cxd5 15. Bxd5 Rb8 16. Bxa7 Rb4 17. b3 Bb7 18. Bxb7 Rxb7 19. Be3 Ra8 20. c4 Rxa4 21. bxa4 Rb4 22. Kc2 Rxc4+ 23. Kb3 Rc3+ 24. Kb4 Rc2 25. Rc1 Rb2+ 26. Ka3 Rb8 27. Rc2 e5 28. a5 Bf8+ 29. Bc5 Rc8 30. Kb4 Rb8+ 31. Ka4 Rc8 32. Kb5 e4 33. a6 f5 34. a7 f4 35. Bxf8 Rxf8 36. Kb6 e3 37. fxe3 fxe3 38. Kb7 Rf7+ 39. Rc7 1-0

[Event "NOR-chT Eliteserien 2018-19"]
[Site "Norway"]
[Date "2019.03.09"]
[Round "8.22"]
[White "Lundeby, Oyvind Andersen"]
[Black "Tryggestad, Andreas Garberg"]
[Result "0-1"]
[ECO "D00"]
[WhiteElo "2152"]
[BlackElo "2333"]
[Annotator "NA"]
[PlyCount "160"]
[EventDate "2018.11.02"]
[EventType "team-tourn"]
[EventCountry "NOR"]
[SourceTitle "playchess.com"]
[Source "ChessBase"]
[SourceQuality "1"]
[TimeControl "40/5400+30:1800+30"]

1. d4 Nf6 2. Nc3 d5 3. Bg5 g6 4. Nf3 Bg7 5. e3 O-O 6. Bd3 c5 7. O-O b6 8. Re1 Bb7 9. Ne5 Nc6 10. Nxc6 Bxc6 11. Bf1 Re8 12. Qd2 Qd7 13. a4 h6 14. Bxf6 Bxf6 15. Bb5 Rad8 16. Rad1 e6 17. Qe2 Qb7 18. Bxc6 Qxc6 19. Qb5 Qc7 20. Rd2 Bg5 21. Rdd1 Kf8 22. a5 Rb8 23. axb6 Rxb6 24. Qa5 cxd4 25. exd4 Qc6 26. Re2 Be7 27. Qa4 Qb7 28. b3 Ra6 29. Qb5 Qxb5 30. Nxb5 Rc8 31. c4 dxc4 32. Rc2 Ra5 33. Rxc4 Rb8 34. Nc3 Rxb3 35. g3 Rb7 36. d5 exd5 37. Rc8+ Kg7 38. Rxd5 Ra1+ 39. Kg2 Rc1 40. Rd4 Bf6 41. Rdc4 Rxc3 42. Rxc3 Bxc3 43. Rxc3 Kf6 44. Kf3 Ke5 45. Ke3 Kd5 46. h4 a5 47. Ra3 Ra7 48. Ra4 Kc5 49. Kd3 Kb5 50. Rf4 Rc7 51. Re4 a4 52. Re8 a3 53. Rb8+ Ka4 54. Ra8+ Kb3 55. Rb8+ Ka2 56. Kd2 Rd7+ 57. Kc2 Rd5 58. Rb7 Rf5 59. f4 g5 60. fxg5 hxg5 61. hxg5 Rf2+ 62. Kc1 Ka1 63. Rb3 a2 64. Rb7 Rf5 65. Rb4 Rxg5 66. g4 Ra5 67. Rc4 Rb5 68. Rc7 Rb4 69. Kc2 f6 70. Rc6 Rf4 71. Rb6 Rc4+ 72. Kd2 Rxg4 73. Kc2 Rg2+ 74. Kc1 f5 75. Rf6 Rf2 76. Rf7 f4 77. Rf8 f3 78. Rf7 Rf1+ 79. Kc2 f2 80. Rf6 Rb1 0-1

[Event "NOR-chT Eliteserien 2018-19"]
[Site "Norway"]
[Date "2019.03.09"]
[Round "8.23"]
[White "Nordquelle, Daniel"]
[Black "Soderstrom, Adrian"]
[Result "1-0"]
[ECO "B77"]
[WhiteElo "2235"]
[BlackElo "2118"]
[Annotator "NA"]
[PlyCount "43"]
[EventDate "2018.11.02"]
[EventType "team-tourn"]
[EventCountry "NOR"]
[SourceTitle "playchess.com"]
[Source "ChessBase"]
[SourceQuality "1"]
[TimeControl "40/5400+30:1800+30"]

1. e4 c5 2. Ne2 Nf6 3. Nbc3 d6 4. d4 cxd4 5. Nxd4 g6 6. f3 Bg7 7. Be3 O-O 8. Bc4 Nc6 9. Qd2 Bd7 10. Nd5 Rc8 11. Nxc6 Bxc6 12. O-O-O Bxd5 13. Bxd5 Nxd5 14. exd5 Rc4 15. Bh6 Bxh6 16. Qxh6 Qa5 17. Kb1 Ra4 18. a3 Rc8 19. h4 Rcc4 20. Qe3 Qc5 21. Qxe7 Rxc2 22. Qe8+ 1-0

[Event "NOR-chT Eliteserien 2018-19"]
[Site "Norway"]
[Date "2019.03.09"]
[Round "8.24"]
[White "Oye-Stromberg, Alexander"]
[Black "Christenson, Flemming"]
[Result "1/2-1/2"]
[ECO "A85"]
[WhiteElo "1873"]
[BlackElo "2204"]
[Annotator "NA"]
[PlyCount "79"]
[EventDate "2018.11.02"]
[EventType "team-tourn"]
[EventCountry "NOR"]
[SourceTitle "playchess.com"]
[Source "ChessBase"]
[SourceQuality "1"]
[TimeControl "40/5400+30:1800+30"]

1. d4 e6 2. c4 f5 3. Nc3 Nf6 4. Bf4 Bb4 5. e3 b6 6. Nge2 Bb7 7. a3 Be7 8. d5 Qc8 9. Nb5 d6 10. dxe6 a6 11. Nbd4 g6 12. Nc3 O-O 13. h4 c5 14. Nf3 Qxe6 15. Be2 Ne4 16. Nd5 Bxd5 17. cxd5 Qf7 18. Nd2 Nxd2 19. Qxd2 Nd7 20. Bg3 b5 21. O-O c4 22. a4 Nc5 23. Qb4 bxa4 24. Qxc4 Rab8 25. Bd1 Rfc8 26. Bxa4 Nb3 27. Qd3 Nxa1 28. Bd7 Qf6 29. Bxc8 Nb3 30. Be6+ Kg7 31. Qxa6 Nc5 32. Qa7 Rb7 33. Qa8 Qf8 34. Qxf8+ Bxf8 35. Rb1 Rb3 36. Kf1 Ne4 37. Ke1 Nxg3 38. fxg3 Rxe3+ 39. Kf2 Rb3 40. h5 1/2-1/2

[Event "NOR-chT Eliteserien 2018-19"]
[Site "Norway"]
[Date "2019.03.09"]
[Round "8.25"]
[White "Notkevich, Benjamin Arvola"]
[Black "Ostenstad, Berge"]
[Result "0-1"]
[ECO "E11"]
[WhiteElo "2495"]
[BlackElo "2440"]
[Annotator "ChessBase"]
[PlyCount "100"]
[EventDate "2018.11.02"]
[EventType "team-tourn"]
[EventCountry "NOR"]
[SourceTitle "playchess.com"]
[Source "ChessBase"]
[SourceQuality "1"]
[TimeControl "40/5400+30:1800+30"]

1. d4 Nf6 2. c4 e6 3. g3 d5 4. Nf3 Bb4+ 5. Bd2 Be7 6. Bg2 O-O 7. O-O Nbd7 8. Qc2 c6 9. Rd1 b6 10. Bg5 Bb7 11. Nbd2 h6 12. Bxf6 Nxf6 13. e4 Rc8 14. Rac1 dxc4 15. Nxc4 Qc7 16. Nfe5 Nd7 17. Nxd7 Qxd7 18. Qa4 Ba8 19. Ne5 Qc7 20. b4 Rfd8 21. f4 Bf6 22. Qb3 Bxe5 23. fxe5 Qe7 24. Qc3 Bb7 25. a3 Rd7 26. Qe3 Rcd8 27. Bf3 Qg5 28. Kf2 Rxd4 29. Rxd4 Rxd4 30. Qxd4 Qxc1 31. Qd8+ Kh7 32. Be2 Qb2 33. Kf1 Qxa3 34. Qc7 Ba6 35. Bxa6 Qxa6+ 36. Kg1 Qe2 37. Qxc6 Qe1+ 38. Kg2 Qxb4 39. Qb7 Kg6 40. h4 h5 41. Qxa7 Qxe4+ 42. Kh2 Qe2+ 43. Kh3 Qf1+ 44. Kh2 Qf2+ 45. Kh3 Qf1+ 46. Kh2 Qe2+ 47. Kh3 Qe4 48. Kh2 b5 49. Qa1 Qc2+ 50. Kh3 b4 0-1

[Event "NOR-chT Eliteserien 2018-19"]
[Site "Norway"]
[Date "2019.03.09"]
[Round "8.26"]
[White "Tisdall, Jonathan D"]
[Black "Vestby-Ellingsen, Mads"]
[Result "1-0"]
[ECO "A35"]
[WhiteElo "2399"]
[BlackElo "2358"]
[Annotator "NA"]
[PlyCount "91"]
[EventDate "2018.11.02"]
[EventType "team-tourn"]
[EventCountry "NOR"]
[SourceTitle "playchess.com"]
[Source "ChessBase"]
[SourceQuality "1"]
[TimeControl "40/5400+30:1800+30"]

1. c4 c5 2. Nf3 Nc6 3. Nc3 g6 4. e3 Nf6 5. d4 cxd4 6. exd4 d5 7. cxd5 Nxd5 8. Qb3 e6 9. Bb5 Bg7 10. O-O O-O 11. Bxc6 bxc6 12. Ne4 Qc7 13. Bd2 e5 14. Nxe5 Bxe5 15. dxe5 Qxe5 16. Rfe1 Bf5 17. Ng3 Qf6 18. Nxf5 Qxf5 19. Qc4 Qf6 20. b3 Rfd8 21. Rac1 Rac8 22. h4 Qd6 23. Bh6 Qb4 24. Qxb4 Nxb4 25. Re7 Ra8 26. Rb7 Nxa2 27. Rc2 Rd1+ 28. Kh2 Rd4 29. Bd2 Rxh4+ 30. Kg3 Rh5 31. Rxa2 Rb5 32. Rxb5 cxb5 33. Ra6 Rd8 34. Bh6 Rd7 35. b4 Rc7 36. Be3 Rc4 37. Bc5 g5 38. Rxa7 h5 39. Rb7 f5 40. Rxb5 Kf7 41. Rb6 f4+ 42. Kh2 Kg7 43. Rd6 Rc2 44. Bd4+ Kh7 45. b5 h4 46. b6 1-0

[Event "NOR-chT Eliteserien 2018-19"]
[Site "Norway"]
[Date "2019.03.09"]
[Round "8.27"]
[White "Lund, Gunnar"]
[Black "Aulin-Jansson, Joran"]
[Result "1-0"]
[ECO "D02"]
[WhiteElo "2228"]
[BlackElo "2258"]
[Annotator "NA"]
[PlyCount "87"]
[EventDate "2018.11.02"]
[EventType "team-tourn"]
[EventCountry "NOR"]
[SourceTitle "playchess.com"]
[Source "ChessBase"]
[SourceQuality "1"]
[TimeControl "40/5400+30:1800+30"]

1. d4 d5 2. Bf4 c6 3. e3 Bf5 4. Nf3 e6 5. c4 Nf6 6. Nc3 Be7 7. Qb3 b6 8. Be2 O-O 9. O-O dxc4 10. Qxc4 Nd5 11. Bg3 Nxc3 12. Qxc3 c5 13. Rfd1 Qc8 14. Ne5 Be4 15. Rac1 Nc6 16. dxc5 bxc5 17. Nd7 Nb4 18. Nxf8 Nxa2 19. Qe5 Nxc1 20. Rxc1 Bb7 21. Nxh7 Kxh7 22. Qh5+ Kg8 23. Bd3 f5 24. Bc4 Bd5 25. e4 Bxc4 26. Rxc4 Qa6 27. Rc1 fxe4 28. Be5 Bf8 29. Qg6 Qc6 30. Rd1 Re8 31. h4 e3 32. fxe3 Re7 33. h5 Qe8 34. Qg5 Rd7 35. Ra1 Qf7 36. Rf1 Qe7 37. Qg4 Rd5 38. Qg3 Qe8 39. h6 g6 40. h7+ Kxh7 41. Rxf8 Qxf8 42. Qh4+ Kg8 43. Qh8+ Kf7 44. Qf6+ 1-0

[Event "NOR-chT Eliteserien 2018-19"]
[Site "Norway"]
[Date "2019.03.09"]
[Round "8.28"]
[White "Hammerstad, Asmund"]
[Black "Machlik, Edit"]
[Result "1/2-1/2"]
[ECO "E39"]
[WhiteElo "2205"]
[BlackElo "2112"]
[Annotator "NA"]
[PlyCount "38"]
[EventDate "2018.11.02"]
[EventType "team-tourn"]
[EventCountry "NOR"]
[SourceTitle "playchess.com"]
[Source "ChessBase"]
[SourceQuality "1"]
[TimeControl "40/5400+30:1800+30"]

1. d4 Nf6 2. c4 e6 3. Nc3 Bb4 4. Qc2 O-O 5. Nf3 c5 6. dxc5 Na6 7. g3 Nxc5 8. Bg2 b6 9. O-O Bb7 10. Nb5 Be4 11. Qd1 Nb7 12. Bf4 Rc8 13. a3 Be7 14. Rc1 a6 15. Nd6 Nxd6 16. Bxd6 Bxd6 17. Qxd6 Rc6 18. Qd4 d6 19. Rc3 Qc7 1/2-1/2

[Event "NOR-chT Eliteserien 2018-19"]
[Site "Norway"]
[Date "2019.03.09"]
[Round "8.29"]
[White "Royset, Jon Kr."]
[Black "Diesen, Bruce"]
[Result "0-1"]
[ECO "D55"]
[WhiteElo "2190"]
[BlackElo "2144"]
[Annotator "NA"]
[PlyCount "128"]
[EventDate "2018.11.02"]
[EventType "team-tourn"]
[EventCountry "NOR"]
[SourceTitle "playchess.com"]
[Source "ChessBase"]
[SourceQuality "1"]
[TimeControl "40/5400+30:1800+30"]

1. d4 Nf6 2. c4 e6 3. Nf3 d5 4. Nc3 Be7 5. Bg5 O-O 6. e3 b6 7. cxd5 Nxd5 8. Bxe7 Qxe7 9. Nxd5 exd5 10. Qa4 Bf5 11. Rc1 Rc8 12. Be2 c5 13. Qa3 Nd7 14. O-O Qf6 15. dxc5 Nxc5 16. Nd4 a5 17. Nxf5 Qxf5 18. Qc3 Ne4 19. Qe1 Qe5 20. Ba6 Rd8 21. Qe2 Nc5 22. Bb5 Rd6 23. Rfd1 Rad8 24. g3 Rf6 25. Rc2 h5 26. Rd4 g6 27. Bd3 Ne6 28. Rh4 Qd6 29. Qd1 Qe7 30. Bf1 Ng5 31. Bg2 Ne4 32. Qd4 Re6 33. a3 f5 34. b4 axb4 35. axb4 Red6 36. h3 Re8 37. Rf4 Nf6 38. Qc3 Qe6 39. Rd4 Ne4 40. Qd3 Ra8 41. Qd1 Rad8 42. Qa1 Rc6 43. Rxc6 Qxc6 44. Qd1 Qe6 45. g4 hxg4 46. hxg4 Rd7 47. b5 Qe5 48. f4 Qe6 49. Qb3 Nf6 50. g5 Ne4 51. Bf3 Kf8 52. Kg2 Qd6 53. Rd1 Qc5 54. Rh1 Nc3 55. Rc1 Rc7 56. Re1 Re7 57. Kf2 d4 58. Kg3 d3 59. Rh1 Kg7 60. Qb2 Rxe3 61. Rc1 d2 62. Rd1 Qd4 63. Rxd2 Qxd2 64. Qxd2 Ne4+ 0-1

[Event "NOR-chT Eliteserien 2018-19"]
[Site "Norway"]
[Date "2019.03.09"]
[Round "8.30"]
[White "Gunnesdal, Lars"]
[Black "Machlik, Endre"]
[Result "1-0"]
[ECO "A22"]
[WhiteElo "2078"]
[BlackElo "2186"]
[Annotator "NA"]
[PlyCount "63"]
[EventDate "2018.11.02"]
[EventType "team-tourn"]
[EventCountry "NOR"]
[SourceTitle "playchess.com"]
[Source "ChessBase"]
[SourceQuality "1"]
[TimeControl "40/5400+30:1800+30"]

1. c4 e5 2. Nc3 Nf6 3. g3 Bc5 4. Bg2 O-O 5. d3 c6 6. Nf3 Re8 7. O-O h6 8. Nxe5 Rxe5 9. d4 Bxd4 10. Qxd4 Re8 11. b3 Qe7 12. Bb2 c5 13. Qf4 Nc6 14. Nb5 d6 15. Bxf6 Qxf6 16. Qxf6 gxf6 17. Bxc6 bxc6 18. Nc7 Bh3 19. Nxe8 Rxe8 20. Rfd1 Rd8 21. f3 h5 22. Kf2 Kf8 23. e4 Be6 24. h4 Ke7 25. Rd2 a5 26. Ke3 Ra8 27. Rad1 Rd8 28. Kf4 Rd7 29. g4 Rd8 30. gxh5 Rh8 31. Rxd6 Rxh5 32. Rxc6 1-0

[Event "NOR-chT Eliteserien 2018-19"]
[Site "Norway"]
[Date "2019.03.10"]
[Round "9.5"]
[White "Gabrielsen, Stig"]
[Black "Machlik, Endre"]
[Result "1-0"]
[ECO "B19"]
[WhiteElo "2278"]
[BlackElo "2186"]
[Annotator "NA RC"]
[PlyCount "71"]
[EventDate "2018.11.02"]
[EventType "team-tourn"]
[EventCountry "NOR"]
[SourceTitle "playchess.com"]
[Source "ChessBase"]
[SourceQuality "1"]
[TimeControl "40/5400+30:1800+30"]

1. e4 c6 2. d4 d5 3. Nc3 dxe4 4. Nxe4 Bf5 5. Ng3 Bg6 6. h4 h6 7. Nf3 Nd7 8. h5 Bh7 9. Bd3 Bxd3 10. Qxd3 e6 11. Bf4 Qa5+ 12. Bd2 Qc7 13. O-O-O O-O-O 14. Ne4 Ngf6 15. g3 Nxe4 16. Qxe4 Nf6 17. Qe2 Bd6 18. c4 c5 19. Bc3 Qc6 20. Rh4 Qa6 21. Kb1 Nd5 22. Be1 cxd4 23. Nxd4 Nb4 24. a3 Nc6 25. Nb5 Be5 26. Rc1 Bf6 27. Re4 Nd4 28. Qe3 Qb6 29. Bb4 Nxb5 30. cxb5+ Kb8 31. Bc5 Qxb5 32. Bxa7+ Ka8 33. Rb4 Qa6 34. Bb6 Rd6 35. Qb3 Rd3 36. Qc2 1-0

[Event "NOR-chT Eliteserien 2018-19"]
[Site "Norway"]
[Date "2019.03.10"]
[Round "9.6"]
[White "Machlik, Monika"]
[Black "Frisvold, Ole Emil"]
[Result "1-0"]
[ECO "D12"]
[WhiteElo "2071"]
[BlackElo "2131"]
[Annotator "NA"]
[PlyCount "89"]
[EventDate "2018.11.02"]
[EventType "team-tourn"]
[EventCountry "NOR"]
[SourceTitle "playchess.com"]
[Source "ChessBase"]
[SourceQuality "1"]
[TimeControl "40/5400+30:1800+30"]

1. d4 d5 2. c4 c6 3. Nf3 Nf6 4. e3 Bf5 5. Nc3 e6 6. Nh4 Bg6 7. Be2 Bd6 8. Qb3 Qc7 9. Nxg6 hxg6 10. h3 Nbd7 11. Bd2 a6 12. cxd5 exd5 13. Rc1 Rc8 14. Bf3 Qb8 15. O-O g5 16. Rfe1 Kf8 17. e4 g4 18. hxg4 dxe4 19. Nxe4 Nxe4 20. Bxe4 Nf6 21. Bf5 Rd8 22. g5 Nd5 23. g3 g6 24. Bg4 Kg7 25. Kg2 Qc7 26. Bf3 Qc8 27. Rh1 Be7 28. Rxh8 Rxh8 29. Bxd5 Qh3+ 30. Kg1 cxd5 31. Qxd5 Qh2+ 32. Kf1 Qh3+ 33. Kg1 Qh2+ 34. Kf1 Qh3+ 35. Qg2 Qf5 36. Kg1 Bxg5 37. Bxg5 Qxg5 38. Rd1 Qb5 39. d5 Qxb2 40. d6 Qc2 41. Qd5 Qc6 42. Qe5+ f6 43. Qe7+ Kg8 44. Qd8+ Kg7 45. Qxh8+ 1-0

[Event "NOR-chT Eliteserien 2018-19"]
[Site "Norway"]
[Date "2019.03.10"]
[Round "9.12"]
[White "Vitenberg, Noam Aviv"]
[Black "Christenson, Flemming"]
[Result "1-0"]
[ECO "E32"]
[WhiteElo "2139"]
[BlackElo "2204"]
[Annotator "NA RC"]
[PlyCount "97"]
[EventDate "2018.11.02"]
[EventType "team-tourn"]
[EventCountry "NOR"]
[SourceTitle "playchess.com"]
[Source "ChessBase"]
[SourceQuality "1"]
[TimeControl "40/5400+30:1800+30"]

1. d4 e6 2. c4 f5 3. Nc3 Nf6 4. Qc2 Bb4 5. a3 Bxc3+ 6. Qxc3 Ne4 7. Qc2 b6 8. Nh3 Bb7 9. f3 Nf6 10. e3 O-O 11. Be2 a5 12. b3 d6 13. Bb2 Nbd7 14. O-O Qe7 15. b4 Nh5 16. e4 fxe4 17. fxe4 Qh4 18. d5 e5 19. Bc3 Nf4 20. Nxf4 Rxf4 21. Bf3 Rff8 22. Qb2 Ba6 23. Qc2 Bb7 24. Be1 Qg5 25. Bd2 Qg6 26. bxa5 bxa5 27. Rab1 Bc8 28. Rb5 a4 29. Ra5 Rb8 30. Bb4 Nb6 31. c5 dxc5 32. Bxc5 Rf7 33. Qe2 Bd7 34. Ra7 Be8 35. Rc1 Nc8 36. Bh5 Qg5 37. Bxf7+ Bxf7 38. Be3 Qg6 39. Raxc7 Nd6 40. R7c6 Be8 41. Rb6 Rd8 42. Bc5 Qxe4 43. Qxe4 Nxe4 44. Re6 Nf6 45. Be7 Rb8 46. Bxf6 gxf6 47. Rxf6 Bf7 48. d6 Rd8 49. Rc7 1-0

[Event "NOR-chT Eliteserien 2018-19"]
[Site "Norway"]
[Date "2019.03.10"]
[Round "9.29"]
[White "Rygg, Andreas Gangstad"]
[Black "Lahlum, Hans Olav"]
[Result "0-1"]
[ECO "C01"]
[WhiteElo "1869"]
[BlackElo "2122"]
[Annotator "NA"]
[PlyCount "100"]
[EventDate "2018.11.02"]
[EventType "team-tourn"]
[EventCountry "NOR"]
[SourceTitle "playchess.com"]
[Source "ChessBase"]
[SourceQuality "1"]
[TimeControl "40/5400+30:1800+30"]

1. e4 e6 2. d4 d5 3. Nc3 Bb4 4. exd5 exd5 5. Bd3 Nc6 6. a3 Bxc3+ 7. bxc3 Be6 8. Ne2 Qd7 9. O-O Nge7 10. Nf4 Bf5 11. Re1 O-O 12. Rb1 Bxd3 13. Nxd3 b6 14. Bf4 Ng6 15. Bg3 Na5 16. h4 Nc4 17. h5 Ne7 18. Ne5 Nxe5 19. Bxe5 Nc6 20. Bf4 Na5 21. Qf3 Nc4 22. h6 g6 23. Bxc7 f6 24. Bf4 Nxa3 25. Rb2 Nc4 26. Ra2 a5 27. Bc1 Rae8 28. Rd1 Re6 29. Be3 Rfe8 30. Rb1 f5 31. Bf4 Re1+ 32. Rxe1 Rxe1+ 33. Kh2 Qe6 34. Qd3 Qe2 35. Qxe2 Rxe2 36. Be3 b5 37. Kg3 a4 38. Bg5 Re1 39. Bf4 a3 40. f3 Rb1 41. Bg5 Rb2 42. Ra1 a2 43. Be7 Rxc2 44. Bb4 Re2 45. Kh3 Kf7 46. f4 Rb2 47. g4 fxg4+ 48. Kxg4 Nd2 49. Re1 Rxb4 50. cxb4 Nb1 0-1

[Event "NOR-chT Eliteserien 2018-19"]
[Site "Norway"]
[Date "2019.03.10"]
[Round "9.30"]
[White "Runde, Hans Arild"]
[Black "Oye-Stromberg, Alexander"]
[Result "1/2-1/2"]
[ECO "A26"]
[WhiteElo "1876"]
[BlackElo "1873"]
[Annotator "NA"]
[PlyCount "42"]
[EventDate "2018.11.02"]
[EventType "team-tourn"]
[EventCountry "NOR"]
[SourceTitle "playchess.com"]
[Source "ChessBase"]
[SourceQuality "1"]
[TimeControl "40/5400+30:1800+30"]

1. Nf3 Nf6 2. g3 g6 3. Bg2 Bg7 4. O-O O-O 5. c4 d6 6. Nc3 Nc6 7. d3 e5 8. Rb1 Nd7 9. Nd5 h6 10. b4 f5 11. b5 Ne7 12. Nd2 Nf6 13. Nxf6+ Rxf6 14. e3 c6 15. bxc6 bxc6 16. Qa4 Qc7 17. Ba3 Bd7 18. Qa6 Bc8 19. Qa4 Bd7 20. Qa6 Bc8 21. Qa4 Bd7 1/2-1/2